 Dungeon Crawl Stone Soup version 0.22-a0-782-g038298e (webtiles) character file.

319 Leszczynek the Vexing (level 6, -3/41 HPs)
             Began as a Vampire Conjurer on July 20, 2018.
             Was an Initiate of Okawaru.
             Shot with an arrow by a centaur (4 damage)
             ... on level 6 of the Dungeon.
             The game lasted 00:24:58 (3227 turns).

Leszczynek the Vexing (Vampire Conjurer)            Turns: 3227, Time: 00:24:59

Health: -3/41      AC:  3    Str:  8 (9)  XL:     6   Next: 21%
Magic:  5/9        EV: 12    Int: 18      God:    Okawaru [......]
Gold:   220        SH:  0    Dex: 14      Spells: 1/9 levels left

rFire    + . .     SeeInvis +   n - +3 flail
rCold    + + .     Gourm    .   (no shield)
rNeg     + + .     Faith    .   e - +0 robe
rPois    +         Spirit   .   c - +0 helmet
rElec    .         Reflect  .   f - scarf {rC+ rF+}
rCorr    .         Harm     .   (no gloves)
MR       .....                  (no boots)
Stlth    +++.......             (no amulet)
HPRegen  0.06/turn              (no ring)
MPRegen  0.11/turn              (no ring)

@: regenerating slowly
A: fangs 3, see invisible, unbreathing
a: Bat Form, Renounce Religion


You were on level 6 of the Dungeon.
You worshipped Okawaru.
Okawaru was noncommittal.
You were very thirsty.

You visited 2 branches of the dungeon, and saw 7 of its levels.

You collected 220 gold pieces.

Inventory:

Hand Weapons
 a - a +0 spear
 n - a +3 flail (weapon)
Missiles
 j - 156 arrows
 l - 6 javelins (quivered)
Armour
 c - a +0 helmet (worn)
 e - a +0 robe (worn)
 f - a scarf of resistance (worn)
Wands
 o - a wand of flame (14)
Scrolls
 b - 2 scrolls of immolation {!r}
 g - a scroll of magic mapping {unknown}
 h - 2 scrolls of teleportation
 i - 3 scrolls of remove curse {@r2}
 k - a scroll of fog {unknown}
 m - a scroll of amnesia {unknown}
 q - a scroll of identify {@r1}
Potions
 d - 8 potions of blood {@q0}


   Skills:
 - Level 2.1 Dodging
 - Level 3.0 Stealth
 - Level 4.0 Unarmed Combat
 - Level 2.0 Spellcasting
 - Level 2.9 Conjurations
 + Level 7.0 Hexes


You had one spell level left.
You knew the following spells:

 Your Spells              Type           Power        Failure   Level  Hunger
a - Magic Dart            Conj           ##..         5%          1    #......
b - Dazzling Spray        Conj/Hex       ###...       7%          3    ###....
c - Fulminant Prism       Conj/Hex       ###.......   22%         4    #####..

Your spell library contained the following spells:

 Spells                   Type           Power        Failure   Level  Hunger
 Iskenderun's Mystic Bla  Conj           ##......     47%         4    #####..
 Force Lance              Conj/Tloc      #.......     69%         4    #####..
 Searing Ray              Conj           ##....       9%          2    ###....


Dungeon Overview and Level Annotations

Branches:
Dungeon (6/15)             Temple (1/1) D:4

Altars:
Dithmenos
Elyvilon
Fedhas
Gozag
Hepliaklqana
Nemelex Xobeh
Okawaru
Ru
Uskayaw
Vehumet
Wu Jian
The Shining One

Portals:
Ossuary: D:6

Annotations:
D:3 Grinder


Innate Abilities, Weirdness & Mutations

You heal slowly.
You have razor-sharp teeth.
You have supernaturally acute eyesight. (SInv)
You can survive without breathing.


Message History

* * * LOW HITPOINT WARNING * * *
The phantom hits you.
* * * LOW HITPOINT WARNING * * *
The bullfrog skeleton closely misses you.
Unknown command.
Found a ration.
It was a potion of cancellation.
Your magical effects are unravelling.
You feel magically purged.
Your magical contamination has completely faded away.
Your resistance to elements expires.
The quokka zombie bites you but does no damage.
The orc hits you but does no damage. The phantom closely misses you.
Unknown command.
The centaur shoots an arrow.
The arrow barely misses you.
The phantom blinks!
The quokka zombie bites you.
* * * LOW HITPOINT WARNING * * *
You hear the slow hiss of an avalanche of sand.
The centaur shoots an arrow.
The arrow hits you.
You die...

###......###..#
#......(.####.##
#..........##..####..
...(..................
........(Z.o§.(.....##.
.....###.###Z..####.#
..##. #.# #Zc..# .# #
#Z# #.##..# # .. #@#
#.# .∩ #.# ## #W. .%..
....# .....# .....#
.......


You could see a phantom, an orc warrior, a centaur, a quokka zombie and a
bullfrog skeleton.

Vanquished Creatures
  A howler monkey (D:4)
  A jelly (D:5)
  An orc wizard (D:5)
  An iguana (D:4)
  A killer bee zombie (D:5)
  Robin (D:4)
  A gnoll (D:4)
  6 adders
  A shadow imp (D:5)
  An ooze (D:3)
  A worm (D:3)
  3 dart slugs
  3 leopard geckos
  3 orcs
  9 bats
  3 giant cockroaches
  13 goblins
  6 hobgoblins
  8 jackals
  A quokka (D:3)
  4 frilled lizards
  A jackal skeleton (D:2)
  5 kobolds
  5 rats (D:1)
80 creatures vanquished.

Vanquished Creatures (others)
  2 fulminant prisms
2 creatures vanquished.

Grand Total: 82 creatures vanquished

Notes
Turn   | Place    | Note
-------+----------+-------------------------------------------
     0 | D:1      | Leszczynek the Vampire Conjurer began the quest for the Orb.
     0 | D:1      | Reached XP level 1. HP: 13/13 MP: 3/3
    68 | D:1      | Reached skill level 1 in Unarmed Combat
   224 | D:1      | Reached XP level 2. HP: 19/19 MP: 0/5
   242 | D:1      | Reached skill level 2 in Unarmed Combat
   626 | D:2      | Reached skill level 3 in Unarmed Combat
   626 | D:2      | Reached XP level 3. HP: 17/24 MP: 0/6
   633 | D:2      | Learned a level 3 spell: Dazzling Spray
   721 | D:2      | Reached skill level 1 in Hexes
   808 | D:2      | Found a radiant altar of Vehumet.
   858 | D:2      | Reached skill level 2 in Hexes
  1010 | D:2      | Reached skill level 3 in Hexes
  1010 | D:2      | Reached XP level 4. HP: 26/30 MP: 4/7
  1256 | D:3      | HP: 6/30 [jackal (2)]
  1269 | D:3      | HP: 5/30 [quokka (3)]
  1271 | D:3      | HP: 2/30 [quokka (3)]
  1289 | D:3      | HP: 6/30 [jackal (2)]
  1367 | D:3      | HP: 5/30 [jackal (2)]
  1586 | D:3      | Reached skill level 4 in Hexes
  1713 | D:3      | Noticed Grinder
  1767 | D:4      | Found a staircase to the Ecumenical Temple.
  1784 | Temple   | Entered the Ecumenical Temple
  1847 | Temple   | Became a worshipper of Warmaster Okawaru
  1971 | D:5      | Entered Level 5 of the Dungeon
  2114 | D:4      | Noticed Robin
  2308 | D:3      | Reached skill level 4 in Unarmed Combat
  2343 | D:3      | Reached XP level 5. HP: 28/35 MP: 4/8
  2547 | D:4      | Killed Robin
  2673 | D:4      | Reached skill level 5 in Hexes
  2689 | D:4      | Learned a level 4 spell: Fulminant Prism
  2842 | D:5      | Reached skill level 6 in Hexes
  2894 | D:5      | Found a sacrificial altar of Ru.
  2904 | D:5      | Found a white marble altar of Elyvilon.
  2968 | D:5      | Reached XP level 6. HP: 28/41 MP: 4/9
  3011 | D:4      | Found a sparkling altar of Nemelex Xobeh.
  3068 | D:5      | Reached skill level 7 in Hexes
  3123 | D:6      | Noticed an orc warrior
  3123 | D:6      | Noticed a hippogriff
  3156 | D:6      | Noticed an orc warrior
  3219 | D:6      | Found a sand-covered staircase.
  3221 | D:6      | HP: 7/41 [quokka zombie (2)]
  3226 | D:6      | HP: 1/41 [quokka zombie (3)]
  3227 | D:6      | Shot with an arrow by a centaur

Vault maps used:
D:1:      lightli_arrival_isolated_outpost, minmay_octomino_c4
D:2:      lemuel_round_altar
D:3:      first_ration, glass_columns_b, uniq_grinder
D:4:      lemuel_upstairs_altar, temple_pool_b, kennysheep_generic_room_15,
          uniq_robin
D:5:      elyvilon_altar_4, nicolae_ru_awakened_eye
D:6:      slow_altar_1, minitemple, lemuel_doored_altar, enter_ossuary_4,
          kennysheep_generic_room_14, uniq_pikel, uniq_menkaure
Temple:   regret_index_temple_generic_petals

Skill      XL: |  1  2  3  4  5  6 |
---------------+-------------------+-----
Unarmed Combat | 1 3 4 |  4.0
Hexes          | 3 4 6 7 |  7.0
Dodging        | |  2.1
Stealth        | |  3.0
Spellcasting   | |  2.0
Conjurations   | |  2.9

Action                   |  1- 3 |  4- 6 || total
-------------------------+-------+-------++-------
Melee: Unarmed           |     5 |       ||     5
       Spear             |    36 |    46 ||    82
       Bite              |       |     7 ||     7
       Punch             |       |     1 ||     1
       Flail             |       |    18 ||    18
Throw: Throwing net      |       |     1 ||     1
       Javelin           |       |     3 ||     3
 Cast: Magic Dart        |    63 |   137 ||   200
       Dazzling Spray    |       |     4 ||     4
       Fulminant Prism   |       |     2 ||     2
  Use: Potion            |     1 |    13 ||    14
       Scroll            |       |     4 ||     4
 Stab: Sleeping          |     4 |       ||     4
       Held in net/web   |       |     1 ||     1
Armor: Robe              |    11 |    31 ||    42
Dodge: Dodged            |    34 |   131 ||   165

Table legend:
 A = Spawn XP
 B = Non-spawn XP
 C = Spawn XP percentage of total XP
 D = Spawn monster count
 E = Non-spawn monster count
 F = Spawn count percentage of total count
 G = Total turns spent on level
                    A         B        C        D         E        F      G
               +---------+---------+-------+---------+---------+-------+---------
         Total |       0 |     457 |   0.0 |       0 |      80 |   0.0 |  3227
               +---------+---------+-------+---------+---------+-------+---------
           D:1 |       0 |      38 |   0.0 |       0 |      22 |   0.0 |   627
           D:2 |       0 |      54 |   0.0 |       0 |      13 |   0.0 |   502
           D:3 |       0 |      69 |   0.0 |       0 |      25 |   0.0 |   821
           D:4 |       0 |     158 |   0.0 |       0 |      12 |   0.0 |   691
           D:5 |       0 |     138 |   0.0 |       0 |       8 |   0.0 |   432
               +---------+---------+-------+---------+---------+-------+---------
